 Dungeon Crawl Stone Soup version 0.30-a0-632-g346586fe48 (webtiles) character file.

Game seed: 13452512103520586259

31959 kae the Transmogrifier (level 13, 0/96 (111) HPs)
             Began as a Demonspawn Transmuter on Jan 13, 2023.
             Was an Initiate of Ru.
             Slain by a hell rat (6 damage)
             ... on level 3 of the Lair of Beasts.
             The game lasted 00:30:42 (15795 turns).

kae the Transmogrifier (Demonspawn Transmuter)     Turns: 15795, Time: 00:30:43

HP:   0/96 (111)    AC:  9    Str: 19    XL:     13   Next: 28%
MP:   22/26         EV: 12    Int: 16    God:    Ru [......]
Gold: 888           SH:  0    Dex: 20    Spells: 8/30 levels left

rFire   x . .      SeeInvis +      - Unarmed
rCold   + + +      Faith    .    (shield currently unavailable)
rNeg    . . .      Spirit   .    (body armour currently unavailable)
rPois   +          Reflect  .    (helmet currently unavailable)
rElec   .          Harm     .    (cloak currently unavailable)
rCorr   .          Rampage  .    (gloves currently unavailable)
Will    .....                    (boots currently unavailable) Stlth
                                 (no amulet)
HPRegen 1.36/turn                v - ring of see invisible
MPRegen 0.20/turn                Q - ring "Titwomm" {Str+5 Dex+6}

@: ice-form, wereblooded, heavily drained
A: freezing attack, amphibious, boosted hp, large, rugged brown scales 1, ignite
blood 1, powered by death 3, no stealth, (demonic touch 2)
a: End Transformation, Renounce Religion


You were on level 3 of the Lair of Beasts.
You worshipped Ru.
Ru was noncommittal.
You were a creature of crystalline ice.
You visited 3 branches of the dungeon, and saw 16 of its levels.
You also visited: Sewer.

You collected 888 gold pieces.


Innate Abilities, Weirdness & Mutations

You are a creature of crystalline ice.
You have a powerful freezing melee attack.
You are amphibious.
Your maximum health is increased.
Your armour is entirely melded.
You are incapable of wielding weapons or throwing items.
(You are partially covered in rugged brown scales. (AC +1, +3% HP))
Your demonic aura sometimes causes spilled blood to erupt in flames.
You regenerate a lot of health from kills.
You cannot be stealthy.
((Your touch may inflict irresistible damage on your foes.))


   Skills:
 + Level 5.1 Fighting
 + Level 4.9 Dodging
 * Level 10.6 Unarmed Combat
 + Level 9.2 Spellcasting
 * Level 12.9 Transmutations
 - Level 6.0 Ice Magic
 - Level 5.0 Poison Magic


You had 8 spell levels left.
You knew the following spells:

 Your Spells              Type           Power      Damage    Failure   Level
a - Beastly Appendage     Tmut           96%        N/A       1%          1
b - Wereblood             Tmut           48%        N/A       1%          2
c - Spider Form           Tmut/Pois      36%        N/A       1%          3
d - Ice Form              Ice/Tmut       37%        N/A       1%          4
e - Eringya's Noxious Bo  Tmut/Pois      18%        N/A       36%         6
f - Passwall              Tmut/Erth      23%        N/A       1%          2
g - Petrify               Tmut/Erth      28%        N/A       7%          4

Your spell library contained the following spells:

 Spells                   Type           Power      Damage    Failure   Level
 Sandblast                Erth           14%        2d6       10%         1
 Sublimation of Blood     Necr           7%         N/A       16%         2
 Irradiate                Conj/Tmut      14%        3d16      19%         5
 Call Canine Familiar     Summ           7%         N/A       30%         3
 Inner Flame              Hex/Fire       7%         N/A       30%         3
 Portal Projectile        Hex/Tloc       14%        N/A       30%         3
 Stone Arrow              Conj/Erth      14%        3d7       30%         3
 Flame Wave               Conj/Fire      7%         2d5       69%         4
 Iskenderun's Mystic Bla  Conj/Tloc      7%         2d4       69%         4
 Leda's Liquefaction      Hex/Erth       3%         N/A       69%         4
 Sticky Flame             Conj/Fire      7%         2d3       69%         4
 Lightning Bolt           Conj/Air       3%         1d15      95%         5
 Summon Hydra             Summ           3%         N/A       100%        7

Inventory:

Missiles
 c - 169 stones
 g - 7 javelins
 l - 33 poisoned darts
 n - 3 curare-tipped darts {=f}
 s - 4 atropa-tipped darts
 z - 7 boomerangs
 L - 2 silver boomerangs
Armour
 a - a +1 robe (melded)
 k - a +0 pair of gloves (melded)
   (You found it on level 2 of the Dungeon)
 q - a +0 pair of boots (melded)
   (You found it on level 2 of the Dungeon)
Magical Staves
 f - a staff of cold {!a}
   (You found it on level 3 of the Dungeon)
 x - a staff of conjuration {!a}
   (You took it off an orc wizard on level 8 of the Dungeon)
Jewellery
 v - a ring of see invisible (left front paw)
   (You found it on level 3 of the Dungeon)
 C - a ring of ice
   (You found it on level 10 of the Dungeon)
 I - a +6 ring of intelligence
   (You found it on level 6 of the Dungeon)
 Q - the ring "Titwomm" (right front paw) {Str+5 Dex+6}
   (You found it on level 1 of the Lair of Beasts)

   [ring of dexterity]

   Str:       It affects your strength (+5).
   Dex:       It affects your dexterity (+6).
 W - a ring of magical power
   (You found it on level 6 of the Dungeon)
Wands
 h - a wand of roots (26)
   (You found it on level 2 of the Dungeon)
 p - a wand of flame (34)
   (You took it off Sigmund on level 2 of the Dungeon)
 u - a wand of polymorph (14)
   (You found it on level 4 of the Dungeon)
 A - a wand of acid (15)
   (You found it on level 4 of the Dungeon)
 E - a wand of mindburst (17)
   (You found it on level 10 of the Dungeon)
 O - a wand of paralysis (1)
   (You found it on level 11 of the Dungeon)
Scrolls
 m - 6 scrolls of vulnerability {!r!r}
 t - 5 scrolls of teleportation {@r4}
 y - 4 scrolls of enchant weapon
 B - 3 scrolls of brand weapon
 G - 2 scrolls of magic mapping {!r}
 H - 3 scrolls of immolation {!r!r}
 N - a scroll of identify {@r1}
 R - a scroll of fear
 T - a scroll of summoning
 U - a scroll of fog
Potions
 b - 4 potions of lignification {!q}
 d - 3 potions of mutation {!q}
 e - 2 potions of ambrosia
 i - 3 potions of invisibility
 j - 2 potions of haste {@q3}
 o - 2 potions of attraction {!q}
 r - a potion of resistance
 w - 3 potions of magic
 D - 2 potions of curing {@q1}
 F - 2 potions of berserk rage {!q}
 J - 2 potions of flight
 K - 2 potions of might
 P - a potion of heal wounds {@q2}
 V - a potion of brilliance
Miscellaneous
 M - a phial of floods
   (You found it on level 10 of the Dungeon)
 S - a tin of tremorstones (2/2)
   (You found it on level 2 of the Lair of Beasts)

Dungeon Overview and Level Annotations

Branches:
Dungeon (12/15) Zot: 25415  Temple (1/1) D:7 Zot: 5823    Lair (3/5) D:9 Zot: 14195
 Shoals (0/4) Lair:2       Spider (0/4) Lair:2          Orc (0/2) D:9
  Sewer (visited)

Altars:
Cheibriados
Dithmenos
Hepliaklqana
Kikubaaqudgha
Nemelex Xobeh
Okawaru
Qazlal
Ru
Sif Muna
Trog
Xom

Annotations:
D:5 2 transporters

#....###P.+# #..####.#.###...
##...#####.# #...# #.### #...
#...##.##+###...###.#####...
#..............##..+P.##....
#...........................
#...........................
#............................
##.P########.r..##..P###.....
#.# #.Y...#######...... ...
##r...# #...... .#. #......#
##..... #......... #.....
..+.....P... #.>....
.#.#.....###.###..... .
.#....... # #.....
####.....#. #.....


You could see 2 hell rats.


Message History

You now have 93 max hp (-18).
Your mp is fully restored (26).
Okay, then.
Okay, then.
There are monsters nearby!
There are monsters nearby!
There are monsters nearby!
Casting: Ice Form (mildly dangerous; 1% risk of failure)
Confirm with . or Enter, or press ? or * to list all spells.
You turn into a creature of crystalline ice.
Your +0 pair of gloves melds into your body.
Your +0 pair of boots melds into your body.
Your +1 robe melds into your body.
The hell rat roars deafeningly!
You hear a deafening roar!
A hell rat comes into view. 😎 HP[+18] MP[-4]
You now have 111 max hp (+18).
Your hp is fully restored (111).
You lost 4 mp, and now have 22/26 mp.
You barely miss the hell rat. You punch the hell rat! You freeze the hell rat.
A hell rat comes into view.
The hell rat barely misses you. The hell rat bites you!
You feel drained. The hell rat barely misses you.
The hell rat roars deafeningly!
You pummel the hell rat!! You freeze the hell rat.
You kill the hell rat!
The hell rat bites you.
You feel drained. 😕 HP[-15] MP[+1]
You now have 106 max hp (-5).
You take 15 damage, and now have 96/106 hp.
Casting: Ice Form (mildly dangerous; 1% risk of failure)
Confirm with . or Enter, or press ? or * to list all spells.
Your blood is infused with primal strength.
The hell rat bites you but does no damage.
The hell rat misses you. The hell rat bites you!
You feel drained. The hell rat barely misses you. The hell rat misses you.
The hell rat barely misses you.
The hell rat bites you! 😮 HP[-24] MP[-2]
You now have 104 max hp (-2).
You take 24 damage, and now have 72/104 hp.
MASSIVE DAMAGE!! (PAUSE)
You lost 2 mp, and now have 21/26 mp.
You are too injured to fight recklessly!
You are too injured to fight recklessly!
You are too injured to fight recklessly!
You are too injured to fight recklessly!
You are too injured to fight recklessly!
You are too injured to fight recklessly!
You punch the hell rat! You freeze the hell rat.
You feel a bit better.
You kill the hell rat!
The hell rat bites you! x2 😮 HP[-14]
You take 14 damage, and now have 58/104 hp.
The hell rat bites you but does no damage. x2
The hell rat bites you.
You feel drained.
The hell rat bites you but does no damage. 😮 HP[-3]
You now have 102 max hp (-2).
You take 3 damage, and now have 55/102 hp.
You pummel the hell rat!! You freeze the hell rat.
You feel a bit better.
You kill the hell rat!
The hell rat barely misses you. The hell rat bites you.
The hell rat closely misses you. 😮 HP[-1] MP[+1]
You take 1 damage, and now have 54/102 hp.
The hell rat bites you!
* * * LOW HITPOINT WARNING * * *
The hell rat bites you.
* * * LOW HITPOINT WARNING * * *
😨 HP[-8]
You take 8 damage, and now have 46/102 hp.
You hit the hell rat. You freeze the hell rat. The hell rat barely misses you.
The hell rat closely misses you. 😨 HP[+2]
You regained 2 hp, and now have 48/102 hp.
You hit the hell rat. You freeze the hell rat. The hell rat barely misses you.
The hell rat bites you but does no damage.
The hell rat bites you!
* * * LOW HITPOINT WARNING * * *
You feel drained.
* * * LOW HITPOINT WARNING * * *
😨 HP[-12]
You now have 99 max hp (-3).
You take 12 damage, and now have 36/99 hp.
You hit the hell rat but do no damage. The hell rat barely misses you.
The hell rat bites you!
* * * LOW HITPOINT WARNING * * *
The hell rat bites you.
* * * LOW HITPOINT WARNING * * *
You pummel the hell rat!! You freeze the hell rat.
You feel a bit better.
You kill the hell rat!
The hell rat bites you!
* * * LOW HITPOINT WARNING * * *
You feel drained.
* * * LOW HITPOINT WARNING * * *
The hell rat bites you.
You die...

Skill      XL: |  1  2  3  4  5  6  7  8  9 10 11 12 13 |
---------------+----------------------------------------+-----
Transmutations | 2 3 4 5 6 8 10 11 12 | 12.9
Unarmed Combat | 3 4 5 6 7 8 10 | 10.6
Poison Magic   | 1 3 4 5 |  5.0
Spellcasting   | 3 4 6 7 8 9 |  9.2
Ice Magic      | 2 3 5 6 |  6.0
Dodging        | 3 4 |  4.9
Fighting       | 2 4 5 |  5.1

Action                   |  1- 3 |  4- 6 |  7- 9 | 10-12 | 13-15 || total
-------------------------+-------+-------+-------+-------+-------++-------
Melee: Unarmed           |    95 |   136 |   330 |   655 |    83 ||  1299
       Kick              |    20 |     5 |       |     9 |       ||    34
       Headbutt          |     8 |     5 |       |     4 |       ||    17
       Punch             |     2 |     1 |       |     8 |       ||    11
       Touch             |       |    14 |       |    20 |       ||    34
 Cast: Beastly Appendage |    20 |    15 |     1 |     1 |       ||    37
       Wereblood         |     1 |     3 |     9 |    21 |     2 ||    36
       Spider Form       |       |     6 |     4 |       |       ||    10
       Ice Form          |       |     4 |    30 |    62 |     7 ||   103
Invok: Sacrifice Stealth |       |       |       |     1 |       ||     1
       Reject Sacrifices |       |       |       |     1 |       ||     1
Evoke: Wand              |       |       |     4 |    13 |       ||    17
  Use: Potion            |     3 |       |     2 |     3 |       ||     8
       Scroll            |     1 |     5 |    10 |    11 |       ||    27
 Stab: Sleeping          |       |     1 |     1 |       |       ||     2
       Paralysed         |       |       |       |     2 |       ||     2
Armor: Robe              |    26 |    16 |     1 |     6 |       ||    49
       Skin              |    10 |    22 |   103 |   192 |    21 ||   348
Dodge: Dodged            |    68 |    83 |   162 |   274 |    50 ||   637

Levels and vault maps discovered:
D:1:      elethiomel_arrival_quiet, layout_basic, serial_park_tiny_pond
D:2:      layout_rooms, hellmonk_ecumenical_altar_crossroads, uniq_robin,
          uniq_terence, uniq_sigmund
D:3:      layout_rooms, nicolae_tso_besieged_by_evil,
          mainiacjoe_overflow_chevrons, cheibrodos_sewer_entry_bend,
          grunt_decor_fettered
D:4:      layout_loops_ring, kennysheep_mini, st_stairs_3,
          minmay_fractal_squares_5, uniq_grinder, uniq_eustachio
D:5:      layout_rooms, gammafunk_temple_overflow_arena
D:6:      layout_gridville, minitemple
D:7:      layout_basic, minmay_temple_entry_statues_pillars,
          hellmonk_ghost_happy_afterlife, bh_walls_and_bars, uniq_pikel,
          uniq_prince_ribbit1, uniq_menkaure, uniq_duvessa
D:8:      layout_rooms, serial_glass, glass_columns_c, glass_columns_a,
          glass_columns_a, glass_columns_a, glass_columns_a, glass_columns_a
D:9:      layout_loops_ring, grunt_lair_entry_orc_guard_hut,
          corexii_leaking_fountain
D:10:     layout_roguey, mainiacjoe_overflow_alcove_2,
          minmay_misc_feat_more_columns, minmay_misc_feat_doors
D:11:     layout_loops_ring, nicolae_kikubaaqudgha_miasma_corner, uniq_erica
D:12:     minmay_octo_star, layout_long_grid
Temple:   nicolae_temple_bog_church
Lair:1:   wad_woods_structure_01, layout_hall_layers, gauntlet_entry_generic
Lair:2:   layout_chaotic_city, minmay_shoals_entry_beasts, spider_nest_entry_a,
          uniq_gastronok
Lair:3:   cheibrodos_lair_river_kwai, layout_regular_city

Notes
Turn   | Place    | Note
-------+----------+-------------------------------------------
     0 | D:1      | kae the Demonspawn Transmuter began the quest for the Orb.
     0 | D:1      | Reached XP level 1. HP: 15/15 MP: 3/3
     0 | D:1      | magus.rc [v1.11.3]
    99 | D:1      | Reached skill level 2 in Transmutations
   346 | D:1      | Gained mutation: You regenerate a little health from kills.
                  | [demonic ancestry]
   346 | D:1      | Reached XP level 2. HP: 16/21 MP: 3/5
   666 | D:1      | Learned a level 2 spell: Wereblood
   734 | D:2      | HP: 5/21 [poisoned by an adder]
   735 | D:2      | Reached skill level 3 in Unarmed Combat
   780 | D:2      | Noticed Sigmund
   832 | D:2      | Reached XP level 3. HP: 10/26 MP: 4/6
   834 | D:2      | HP: 6/26 [poisoned by an adder]
   839 | D:2      | HP: 2/26 [poisoned by an adder]
   943 | D:2      | Found a faded altar of an unknown god.
  1184 | D:2      | Learned a level 3 spell: Spider Form
  1194 | D:2      | Noticed Robin
  1206 | D:2      | Noticed Terence
  1219 | D:2      | Killed Robin
  1219 | D:2      | HP: 8/39 [Terence/+0 mace (5)]
  1223 | D:2      | Killed Terence
  1224 | D:2      | Reached skill level 3 in Transmutations
  1224 | D:2      | Reached skill level 1 in Poison Magic
  1224 | D:2      | Gained mutation: Your touch may inflict minor irresistible
                  | damage on your foes. [demonic ancestry]
  1224 | D:2      | Reached XP level 4. HP: 20/32 MP: 7/7
  1400 | D:2      | Killed Sigmund
  1401 | D:2      | Reached skill level 3 in Spellcasting
  1401 | D:2      | Reached skill level 4 in Transmutations
  1401 | D:2      | Gained mutation: Your demonic aura sometimes causes spilled
                  | blood to erupt in flames. [demonic ancestry]
  1401 | D:2      | Reached XP level 5. HP: 34/37 MP: 5/9
  1427 | D:2      | Learned a level 4 spell: Ice Form
  1495 | D:3      | Gained mutation: You regenerate health from kills. [demonic
                  | ancestry]
  1495 | D:3      | Reached XP level 6. HP: 43/43 MP: 6/10
  1655 | D:3      | You add the spells Iskenderun's Mystic Blast, Lightning
                  | Bolt and Eringya's Noxious Bog to your library.
  1655 | D:3      | Got the Book of the Assassin and the Impact
  1881 | D:3      | Found a glowing drain.
  1905 | Sewer    | Entered a sewer
  2021 | Sewer    | Reached skill level 1 in Ice Magic
  2687 | D:3      | Found a shimmering altar of Xom.
  2761 | D:4      | Reached skill level 2 in Ice Magic
  2761 | D:4      | Gained mutation: You are partially covered in rugged brown
                  | scales. (AC +1, +3% HP) [demonic ancestry]
  2761 | D:4      | Reached XP level 7. HP: 35/49 MP: 7/12
  2826 | D:4      | Noticed Grinder
  2828 | D:4      | Noticed Eustachio
  2849 | D:4      | Killed Grinder
  2850 | D:4      | Reached skill level 4 in Unarmed Combat
  2850 | D:4      | Reached skill level 5 in Transmutations
  2973 | D:4      | Killed Eustachio
  2974 | D:4      | Reached skill level 3 in Ice Magic
  3115 | D:4      | Reached skill level 4 in Spellcasting
  3115 | D:4      | Gained mutation: Your touch may inflict irresistible damage
                  | on your foes. [demonic ancestry]
  3115 | D:4      | Reached XP level 8. HP: 28/55 MP: 9/14
  3124 | D:4      | HP: 16/66 [poisoned by a scorpion]
  3134 | D:4      | HP: 8/66 [orc priest/divine providence (13)]
  3589 | D:4      | Found an ancient bone altar of Kikubaaqudgha.
  3882 | D:5      | Entered Level 5 of the Dungeon
  3951 | D:5      | Found a transporter.
  3955 | D:5      | Found a transporter.
  3955 | D:5      | Found a sparkling altar of Nemelex Xobeh.
  3976 | D:5      | Reached skill level 6 in Transmutations
  3976 | D:5      | Reached skill level 4 in Ice Magic
  4535 | D:6      | Found a shimmering blue altar of Sif Muna.
  4536 | D:6      | Found a snail-covered altar of Cheibriados.
  4537 | D:6      | Found a shadowy altar of Dithmenos.
  4627 | D:6      | Reached skill level 5 in Unarmed Combat
  4822 | D:6      | Reached skill level 5 in Ice Magic
  4859 | D:6      | Reached XP level 9. HP: 50/60 MP: 2/16
  5013 | D:6      | Identified the +7 quarterstaff "Qyfewnell" {heavy, rF+
                  | rCorr Int+2 Dex-2}
  5188 | D:7      | Reached skill level 7 in Transmutations
  5215 | D:7      | Found a runed translucent door.
  5215 | D:7      | Noticed jt's ghost (amateur BaWn)
  5227 | D:7      | Found a staircase to the Ecumenical Temple.
  5232 | D:7      | Noticed Pikel
  5277 | D:7      | HP: 11/72 [Pikel/+2 whip of freezing (9)]
  5278 | D:7      | Killed Pikel
  5279 | D:7      | Reached skill level 5 in Spellcasting
  5283 | Temple   | Entered the Ecumenical Temple
  5451 | Temple   | Became a worshipper of Ru the Awakened
  5466 | D:7      | You pick up a book of Geomancy and begin reading...
  5466 | D:7      | You add the spells Sandblast, Passwall and Stone Arrow to
                  | your library.
  5486 | D:7      | Noticed Prince Ribbit
  5496 | D:7      | Killed Prince Ribbit
  5497 | D:7      | Reached skill level 6 in Ice Magic
  5861 | D:7      | Noticed Duvessa
  5865 | D:7      | Noticed Dowan
  5869 | D:7      | Killed Duvessa
  5873 | D:7      | Killed Dowan
  5906 | D:7      | Reached skill level 8 in Transmutations
  6015 | D:7      | Reached skill level 6 in Unarmed Combat
  6414 | D:7      | Noticed Menkaure
  6419 | D:7      | HP: 3/72 [Menkaure (17)]
  6422 | D:7      | Killed Menkaure
  6662 | D:7      | You pick up a book of Flames and begin reading...
  6662 | D:7      | You add the spells Inner Flame, Sticky Flame and Flame Wave
                  | to your library.
  6964 | D:7      | Killed jt's ghost
  7032 | D:8      | Reached skill level 6 in Spellcasting
  7032 | D:8      | Reached XP level 10. HP: 66/66 MP: 12/19
  7374 | D:8      | You pick up a book of the Hunter and begin reading...
  7374 | D:8      | You add the spells Call Canine Familiar, Portal Projectile
                  | and Leda's Liquefaction to your library.
  7482 | D:8      | Reached skill level 9 in Transmutations
  7917 | D:9      | Reached skill level 7 in Unarmed Combat
  8056 | D:9      | Found a staircase to the Lair.
  8096 | D:9      | Found a staircase to the Orcish Mines.
  8302 | D:9      | Reached skill level 7 in Spellcasting
  8304 | D:9      | Reached skill level 10 in Transmutations
  8529 | D:10     | Entered Level 10 of the Dungeon
  8971 | D:10     | Found a bloodstained altar of Trog.
  8993 | D:10     | Gained mutation: You regenerate a lot of health from kills.
                  | [demonic ancestry]
  8993 | D:10     | Reached XP level 11. HP: 72/72 MP: 17/22
  9247 | D:10     | Identified the +2 ring mail of the Carpenter {Slay+3}
  9889 | D:11     | You pick up a book of Alchemy and begin reading...
  9889 | D:11     | You add the spells Sublimation of Blood, Petrify and
                  | Irradiate to your library.
 10054 | D:11     | Found an ancient bone altar of Kikubaaqudgha.
 10070 | D:11     | Reached skill level 11 in Transmutations
 10166 | D:11     | Reached skill level 8 in Unarmed Combat
 10320 | D:11     | Learned a level 6 spell: Eringya's Noxious Bog
 10360 | D:12     | Reached skill level 2 in Dodging
 10365 | D:12     | Noticed an ogre mage
 10366 | D:12     | Noticed a deep elf pyromancer
 10373 | D:11     | Killed an ogre mage
 10374 | D:11     | Reached skill level 8 in Spellcasting
 10374 | D:11     | Reached skill level 2 in Poison Magic
 10398 | D:11     | Killed a deep elf pyromancer
 10512 | D:12     | Noticed a yaktaur captain
 10767 | D:12     | HP: 19/88 [yaktaur captain/bolt (21)]
 10988 | D:11     | Noticed Erica
 10997 | D:11     | Killed Erica
 10998 | D:11     | Reached skill level 2 in Fighting
 11047 | D:12     | Gained mutation: You cannot be stealthy. [Ru sacrifice]
 11091 | D:12     | Noticed a sixfirhy
 11138 | D:12     | Noticed a deep elf pyromancer
 11142 | D:12     | Killed a deep elf pyromancer
 11233 | D:12     | HP: 6/90 [efreet/fireball (51)]
 11235 | D:12     | HP: 2/90 [efreet/+0 scimitar of flaming (4)]
 11365 | D:12     | Noticed a deep elf pyromancer
 11596 | D:12     | Killed a deep elf pyromancer
 11597 | D:12     | Reached skill level 3 in Poison Magic
 11641 | D:12     | Reached skill level 3 in Dodging
 11741 | D:12     | Reached XP level 12. HP: 50/82 MP: 20/24
 11745 | D:12     | Noticed a deep troll earth mage
 11927 | Lair:1   | Entered Level 1 of the Lair of Beasts
 11952 | Lair:1   | Reached skill level 3 in Fighting
 11952 | Lair:1   | Reached skill level 9 in Unarmed Combat
 12326 | Lair:1   | Found a gate leading to a gauntlet.
 12346 | Lair:1   | Reached skill level 12 in Transmutations
 12371 | Lair:1   | Identified the ring "Titwomm" {Str+5 Dex+6}
 12431 | Lair:1   | Reached skill level 4 in Poison Magic
 13019 | Lair:1   | Reached skill level 4 in Fighting
 13460 | Lair:1   | Learned a level 2 spell: Passwall
 13465 | Lair:1   | Learned a level 4 spell: Petrify
 13777 | Lair:2   | Reached skill level 4 in Dodging
 13817 | Lair:2   | You pick up a book of Blood and begin reading...
 13942 | Lair:2   | Noticed Gastronok
 13980 | Lair:2   | HP: 24/102 [wolf (2)]
 14152 | Lair:2   | Killed Gastronok
 14153 | Lair:2   | Reached skill level 10 in Unarmed Combat
 14184 | Lair:2   | Found a hole to the Spider Nest.
 14276 | Lair:2   | You pick up a book of the Hunter and begin reading...
 14355 | Lair:2   | Reached skill level 9 in Spellcasting
 14399 | Lair:2   | HP: 24/103 [manticore (9)]
 14614 | Lair:2   | Found a staircase to the Shoals.
 14837 | Lair:3   | Reached XP level 13. HP: 50/92 MP: 22/26
 14838 | Lair:3   | HP: 27/110 [elephant (8)]
 14843 | Lair:3   | HP: 9/110 [elephant (11)]
 15083 | Lair:3   | Reached skill level 5 in Poison Magic
 15185 | Lair:3   | Reached skill level 5 in Fighting
 15794 | Lair:3   | HP: 23/99 [hell rat (5)]
 15795 | Lair:3   | HP: 6/96 [hell rat (6)]
 15795 | Lair:3   | Slain by a hell rat

Vanquished Creatures
  Gastronok (Lair:2)
  A hydra (Lair:3)
  Erica (D:11)
  An ogre mage (D:11)
  2 death yaks (Lair:3)
  Pikel (D:7)
  3 deep elf pyromancers
  2 manticores
  5 elephants (Lair:3)
  3 cyclopes (D:12)
  4 black mambas
  A gargoyle (D:12)
  A torpor snail (Lair:3)
  10 cane toads
  An efreet (D:12)
  A kobold demonologist (D:12)
  A rime drake (Lair:2)
  A komodo dragon (Lair:1)
  A troll (D:10)
  Grinder (D:4)
  A wind drake (Lair:2)
  The ghost of jt the Trooper, an amateur BaWn of Wu Jian (D:7)
  A hornet (D:9)
  4 blink frogs (Lair:1)
  Prince Ribbit (D:7)
  4 dream sheep (Lair:1)
  2 shadows
  Sigmund (D:2)
  4 slime creatures (D:11)
  A centaur simulacrum (D:11)
  2 basilisks (Lair:1)
  28 yaks
  Eustachio (D:4)
  A wraith (D:10)
  A redback (Lair:2)
  A steam dragon (D:7)
  Menkaure (D:7)
  3 acid dragons (D:11)
  Duvessa (D:7)
  14 water moccasins
  3 orc warriors
  2 black bears
  A sky beast (D:8)
  A boggart (D:12)
  An ogre (D:4)
  5 wolves (Lair:2)
  6 centaurs (D:11)
  4 lemures (D:7)
  2 phantoms (D:7)
  6 kobold brigands
  11 bullfrogs
  5 scorpions
  2 necrophages
  23 wights
  Dowan (D:7)
  8 killer bees (D:8)
  8 howler monkeys
  2 jellies (D:5)
  7 orc priests
  2 gnoll boudas
  7 hounds
  An iguana (D:5)
  10 orc wizards
  4 hell rats (Lair:3)
  Terence (D:2)
  Robin (D:2)
  14 gnolls
  5 adders
  3 white imps
  An ufetubus (D:5)
  4 worms
  3 dart slugs
  33 orcs
  7 ball pythons
  6 bats
  6 endoplasms
  5 giant cockroaches
  5 hobgoblins
  2 quokkas
  4 frilled lizards
  14 goblins
  A goblin skeleton (D:3)
  A goblin zombie (D:3)
  A hobgoblin zombie (D:3)
  27 kobolds
  3 kobold zombies (D:3)
  2 orc skeletons (D:3)
  2 orc zombies (D:3)
  6 rats
394 creatures vanquished.

Vanquished Creatures (others)
  16 fungi
  35 plants
51 creatures vanquished.

Grand Total: 445 creatures vanquished

Table legend:
 A = Non-vault XP
 B = Vault XP
 C = Vault XP percentage of total XP
 D = Non-vault monster count
 E = Vault monster count
 F = Vault count percentage of total count
                 A         B        C        D         E       F
            +---------+---------+-------+---------+---------+-------
      Total |   32889 |   12801 |  28.0 |     294 |      96 |  24.6
            +---------+---------+-------+---------+---------+-------
        D:1 |      15 |       0 |   0.0 |      10 |       0 |   0.0
        D:2 |      47 |     298 |  86.4 |      11 |      15 |  57.7
        D:3 |      78 |      30 |  27.8 |      13 |      13 |  50.0
        D:4 |     288 |     780 |  73.0 |      20 |       9 |  31.0
        D:5 |     421 |       0 |   0.0 |      12 |       0 |   0.0
        D:6 |     800 |       0 |   0.0 |      29 |       0 |   0.0
        D:7 |     939 |    1546 |  62.2 |      26 |       6 |  18.8
        D:8 |    1473 |       0 |   0.0 |      26 |       0 |   0.0
        D:9 |    2068 |     529 |  20.4 |      16 |       5 |  23.8
       D:10 |    2828 |       0 |   0.0 |      31 |       0 |   0.0
       D:11 |    3223 |    1663 |  34.0 |      21 |       2 |   8.7
       D:12 |    3734 |    1135 |  23.3 |      14 |       3 |  17.6
     Lair:1 |    7248 |    1587 |  18.0 |      30 |       8 |  21.1
     Lair:2 |    3287 |    2510 |  43.3 |      16 |       4 |  20.0
     Lair:3 |    6440 |    2501 |  28.0 |      19 |       7 |  26.9
      Sewer |       0 |     222 | 100.0 |       0 |      24 | 100.0
            +---------+---------+-------+---------+---------+-------

Illustrated notes

Table legend:
 A = Kills in this place as a percentage of kills in entire the game.
 B = Kills by you in this place as a percentage of kills by you in the entire game.
 C = Kills by friends in this place as a percentage of kills by friends in the entire game.
 D = Other kills in this place as a percentage of other kills in the entire game.
 E = Experience gained in this place as a percentage of experience gained in the entire game.
 F = Experience gained in this place divided by the number of levels of this place that you have seen.
                   A       B       C       D       E      F
               +-------+-------+-------+-------+-------+----------------------
         Total | 100.0 | 100.0 |   N/A |   N/A | 100.0 | 2687.6
       Dungeon |  72.3 |  72.3 |   N/A |   N/A |  47.9 | 1824.6
          Lair |  21.5 |  21.5 |   N/A |   N/A |  51.6 | 7857.7
         Sewer |   6.2 |   6.2 |   N/A |   N/A |   0.5 | 222.0
               +-------+-------+-------+-------+-------+----------------------

Table legend: (Time is in decaauts)
 A = Elapsed time spent in this place.
 B = Non-inter-level travel time spent in this place.
 C = Inter-level travel time spent in this place.
 D = Time resting spent in this place.
 E = Time spent auto-exploring this place.
 F = Levels seen in this place.
 G = Mean time per level.
                   A        B        C        D        E       F      G
               +--------+--------+--------+--------+--------+-----+--------+
         Total |  15667 |  15017 |    650 |   1126 |  10743 |  17 |  921.6 |
       Dungeon |  11067 |  10607 |    460 |    887 |   7591 |  12 |  922.2 |
        Temple |    176 |    170 |      6 |      0 |    160 |   1 |  176.0 |
          Lair |   3803 |   3620 |    183 |     98 |   2695 |   3 | 1267.7 |
         Sewer |    620 |    620 |      0 |    141 |    296 |   1 |  620.0 |
               +--------+--------+--------+--------+--------+-----+--------+

Top non-repeatable levels by time:
  Lair:1: 1803 daAuts
    D:11: 1741 daAuts
     D:7: 1676 daAuts
     D:4: 1128 daAuts
  Lair:2: 1026 daAuts
  Lair:3: 973 daAuts
    D:10: 972 daAuts
     D:6: 882 daAuts
     D:2: 801 daAuts
     D:9: 783 daAuts
     D:8: 739 daAuts
     D:1: 680 daAuts
     D:3: 658 daAuts
    D:12: 623 daAuts
   Sewer: 620 daAuts
